 Dungeon Crawl Stone Soup version 0.27-a0-1590-g15f69828bf (webtiles) character file.

Game seed: 13448481128158489938

105 Spaninq the Poker (level 4, -2/37 HPs)
             Began as a Merfolk Berserker on July 18, 2021.
             Was a Believer of Trog.
             Splashed by a jelly's acid (9 damage)
             ... on level 3 of the Dungeon.
             The game lasted 00:06:24 (2636 turns).

Spaninq the Poker (Merfolk Berserker)               Turns: 2636, Time: 00:06:26

Health: -2/37      AC: -1    Str: 18    XL:     4   Next: 83%
Magic:  4/4        EV:  6    Int:  6    God:    Trog [**....]
Gold:   79         SH:  0    Dex: 13    Spells: 3/3 levels left

rFire    . . .     SeeInvis .   a - +0 spear
rCold    . . .     Faith    .   (no shield)
rNeg     . . .     Spirit   .   l - +0 plate armour
rPois    .         Reflect  .   (no helmet)
rElec    .         Harm     .   (no cloak)
rCorr    .         Rampage  .   (no gloves)
Will     .....                  (no boots)
Stlth    ..........             (no amulet)
HPRegen  0.12/turn              (no ring)
MPRegen  0.09/turn              (no ring)

@: corroded
A: (nimble swimmer 2), mertail
a: Renounce Religion, Berserk, Trog's Hand


You were on level 3 of the Dungeon.
You worshipped Trog.
Trog was pleased with you.
You visited 1 branch of the dungeon, and saw 3 of its levels.

You collected 79 gold pieces.

Inventory:

Hand Weapons
 a - a +0 spear (weapon)
 d - a +0 hunting sling
Missiles
 e - 14 stones (quivered)
Armour
 l - a +0 plate armour (worn)
Wands
 m - a wand of digging (5)
Scrolls
 i - a scroll of fear {unknown}
 j - 2 scrolls of noise {unknown}
 o - a scroll of fog {unknown}
Potions
 b - a potion of magic {unknown}
 c - a potion of curing {unknown}
 f - a potion of brilliance {unknown}
 g - a potion of attraction {unknown}
 h - a potion of haste {unknown}
 k - a potion of degeneration {unknown}
 n - 2 potions of lignification {unknown}


   Skills:
 + Level 3.9 Fighting
 * Level 6.0 Polearms
 + Level 2.0 Armour
 + Level 3.7 Dodging


You had 3 spell levels left.
You didn't know any spells.
Your spell library was empty.

Dungeon Overview and Level Annotations

Branches:
Dungeon (3/15)

Altars:

Shops:
D:1 *

Annotations:
D:3 Grinder


Innate Abilities, Weirdness & Mutations

((You are quick and stealthy near water. (Stealth+, EV+, Speed+++)))
Your lower body shifts to a powerful aquatic tail in water.


Message History

You hit the quokka but do no damage. The quokka barely misses you.
You hit the quokka.
The quokka is almost dead.
The quokka bites you but does no damage.
You closely miss the quokka.
The quokka is almost dead.
The quokka bites you.
You hit the quokka.
You kill the quokka!
Trog accepts your kill.
Found a smoky cyan potion.
g - a smoky cyan potion
Found 15 stones.
A jelly comes into view.
Reach: a) +0 spear
Press: ? - help, Dir - move target, f - jelly
Aim: a jelly (about 10% to evade your +0 spear)
You reach to attack!
You hit the jelly.
The jelly is moderately wounded.
You hit the jelly.
Your hands burn!
The jelly is severely wounded.
You hit the jelly.
Your hands burn!
The jelly is severely wounded.
The jelly hits you but does no damage.
You hit the jelly. The acid corrodes you!
Your hands burn!
The jelly is severely wounded.
The jelly hits you.
You are splashed with acid!
You hit the jelly. The acid corrodes you!
Your hands burn!
The jelly is almost dead.
The jelly hits you but does no damage.
You hit the jelly but do no damage. The acid corrodes you!
Your hands burn!
* * * LOW HITPOINT WARNING * * *
The jelly is almost dead.
You hit the jelly but do no damage.
Your hands burn!
* * * LOW HITPOINT WARNING * * *
The jelly is almost dead.
The jelly hits you.
* * * LOW HITPOINT WARNING * * *
The acid corrodes you!
You are splashed with acid!
You die...

#.. #.# #.# ### #.#
#.. #.# #.# #.# #.#
##.########.########
###...##.##...........
#...#.........@J..#
#.#...##.##....##.#
#.##.######.#.#.#
#.##.# #....##..
#.##.. ....... ..#
##..#######....## ...
#.....# ##.#.# .###
##.....### #..(. #
...........


You could see a jelly.

Vanquished Creatures
  Jessica (D:3)
  Terence (D:2)
  2 worms (D:2)
  A dart slug (D:1)
  5 bats
  7 endoplasms
  2 giant cockroaches
  5 goblins (D:1)
  A hobgoblin (D:1)
  4 jackals (D:1)
  A quokka (D:3)
  3 ball pythons
  2 frilled lizards
  6 kobolds
  A rat (D:2)
42 creatures vanquished.

Vanquished Creatures (others)
  A plant (D:1)
1 creature vanquished.

Grand Total: 43 creatures vanquished

Notes
Turn   | Place    | Note
-------+----------+-------------------------------------------
     0 | D:1      | Spaninq the Merfolk Berserker began the quest for the Orb.
     0 | D:1      | Reached XP level 1. HP: 18/18 MP: 1/1
    53 | D:1      | Found Daatoxt's General Store.
   252 | D:1      | Reached XP level 2. HP: 24/24 MP: 2/2
   377 | D:1      | Reached skill level 5 in Polearms
   604 | D:1      | Reached XP level 3. HP: 26/29 MP: 3/3
   706 | D:1      | Reached ** piety under Trog
  1359 | D:2      | Found a faded altar of an unknown god.
  1908 | D:2      | Noticed Terence
  2217 | D:2      | Killed Terence
  2218 | D:2      | Reached XP level 4. HP: 20/37 MP: 4/4
  2452 | D:3      | Noticed Jessica
  2456 | D:3      | Killed Jessica
  2457 | D:3      | Reached skill level 6 in Polearms
  2475 | D:3      | Noticed Grinder
  2636 | D:3      | Splashed by a jelly's acid

Illustrated notes

Levels and vault maps discovered:
D:1:      erik_arrival_triangle_huge, layout_basic, serial_shops, shop,
          serial_corexii_hall, chequers_hall_statues_wall_a,
          chequers_hall_statues_wall_a, corexii_hall_statues_s,
          corexii_hall_statues_i, minmay_statues_item, amcnicky_mini_pool_small,
          serial_bayou_lake_a
D:2:      layout_loops_ring, serial_aquarium, aquarium_bridge_square
          [aquarium_subvault_bridge, aquarium_subvault_wall,
          aquarium_subvault_bridge, aquarium_subvault_wall],
          aquarium_bridge_long_separate [aquarium_subvault_window,
          aquarium_subvault_bridge, aquarium_subvault_window,
          aquarium_subvault_window, aquarium_subvault_balcony,
          aquarium_subvault_bridge], aquarium_window_1, aquarium_window_1,
          aquarium_view_2d, aquarium_view_2a, aquarium_balcony_double_1,
          aquarium_pool_1, ebering_ecumenical_altar_box,
          chequers_serial_rivers_micro_b, kennysheep_generic_room_10,
          uniq_terence
D:3:      layout_loops_ring, uniq_grinder, uniq_robin, uniq_jessica,
          uniq_sigmund

Skill      XL: |  1  2  3  4 |
---------------+-------------+-----
Dodging        | 3 |  3.7
Polearms       | 5 6 |  6.0
Armour         | 2 |  2.0
Fighting       | |  3.9

Action                   |  1- 3 |  4- 6 || total
-------------------------+-------+-------++-------
Melee: Spear             |    70 |    13 ||    83
       Quarterstaff      |    93 |    11 ||   104
 Stab: Sleeping          |     3 |       ||     3
Armor: Animal skin       |    11 |       ||    11
       Plate armour      |    34 |     8 ||    42
       Leather armour    |    11 |       ||    11
Dodge: Dodged            |    72 |     5 ||    77

Table legend: (Time is in decaauts)
 A = Elapsed time spent in this place.
 B = Non-inter-level travel time spent in this place.
 C = Inter-level travel time spent in this place.
 D = Time resting spent in this place.
 E = Time spent auto-exploring this place.
 F = Levels seen in this place.
 G = Mean time per level.
                   A        B        C        D        E       F      G
               +--------+--------+--------+--------+--------+-----+--------+
         Total |   2623 |   2531 |     92 |    431 |   1504 |   3 |  874.3 |
       Dungeon |   2623 |   2531 |     92 |    431 |   1504 |   3 |  874.3 |
               +--------+--------+--------+--------+--------+-----+--------+

Top non-repeatable levels by time:
     D:1: 1256 daAuts
     D:2: 1214 daAuts
     D:3: 153 daAuts
